 Dungeon Crawl Stone Soup version 0.21.1-1-g345015f (webtiles) character file.

1353 jerryfan the Thaumaturge (level 8, -4/58 HPs)
             Began as a Gnoll Wanderer on May 15, 2018.
             Slain by a centaur (10 damage)
             ... on level 6 of the Dungeon on May 16, 2018.
             The game lasted 00:39:11 (5227 turns).

jerryfan the Thaumaturge (Gnoll Wanderer)           Turns: 5227, Time: 00:39:12

Health: -4/58      AC:  8    Str: 17    XL:     8   Next: 63%
Magic:  10/20      EV: 14    Int: 19    God:
Gold:   299        SH:  0    Dex: 17    Spells: 19/23 levels left

rFire    . . .     SeeInvis .   K - +3 falchion
rCold    . . .     Gourm    .   (no shield)
rNeg     . . .     Faith    .   J - +2 robe {MR+}
rPois    .         Spirit   .   v - +0 helmet
rElec    .         Reflect  .   I - +0 cloak
rCorr    .         Harm     .   g - +1 pair of gloves
MR       +....                  (no boots)
Stlth    +++.......             H - amulet of rage
HPRegen  0.19/turn              w - +4 ring of strength
MPRegen  0.17/turn              z - +3 ring of intelligence

@: lethally poisoned (-4 -> -19), berserk cooldown, very slightly contaminated,
slowed, very slow
A: distributed training, fangs 1, strong nose
a: Evoke Berserk Rage


You were on level 6 of the Dungeon.
You were very hungry.

You visited 1 branch of the dungeon, and saw 6 of its levels.

You collected 299 gold pieces.

Inventory:

Hand Weapons
 b - a +2 blowgun
 i - a +0 short sword
 q - a +2 dagger of pain
 u - a +1 dagger of pain
 D - a +2 flail of protection
 K - a +3 falchion (weapon)
 Q - a +1 flail of draining
Missiles
 a - 2 curare-tipped needles
 l - 10 tomahawks (quivered)
 n - 239 stones
 B - 44 poisoned needles
Armour
 e - a +0 robe
 g - a +1 pair of gloves (worn)
 s - a +0 buckler
 v - a +0 helmet (worn)
 C - a +2 robe of cold resistance
 I - a +0 cloak (worn)
 J - a +2 robe of magic resistance (worn)
Jewellery
 w - a +4 ring of strength (left hand)
 z - a +3 ring of intelligence (right hand)
 H - an amulet of rage (around neck)
 R - an uncursed amulet of harm
Wands
 h - a wand of acid (9)
Scrolls
 j - 2 scrolls of immolation {unknown}
 o - 2 scrolls of remove curse
 p - a scroll of magic mapping {unknown}
 r - a scroll of amnesia {unknown}
 t - a scroll of blinking {unknown}
 y - a scroll of fog {unknown}
 E - a scroll of enchant weapon {unknown}
 G - a scroll of teleportation {unknown}
 L - 3 scrolls of fear
Potions
 d - 2 potions of lignification
 k - 3 potions of haste
 m - a potion of curing
 x - a potion of flight {unknown}
 A - a potion of resistance {unknown}
 F - a potion of might {unknown}
 N - a potion of invisibility {unknown}
 O - a potion of agility {unknown}
Books
 c - the Guide on Conjuration

   Spells                             Type                      Level
   a - Shock                          Conjuration/Air              1
   b - Dazzling Spray                 Conjuration/Hexes            3
Comestibles
 f - 15 rations
 P - 5 chunks of flesh


   Skills:
 + Level 3.3 Fighting
 + Level 3.3 Short Blades
 + Level 3.3 Long Blades
 + Level 3.3 Axes
 + Level 3.3 Maces & Flails
 + Level 3.3 Polearms
 + Level 3.3 Staves
 + Level 3.3 Slings
 + Level 3.3 Bows
 + Level 3.3 Crossbows
 + Level 4.3 Throwing
 + Level 3.3 Armour
 + Level 3.3 Dodging
 + Level 3.3 Stealth
 + Level 4.3 Shields
 + Level 3.3 Unarmed Combat
 + Level 8.0 Spellcasting
 + Level 2.7 Conjurations
 + Level 2.7 Hexes
 + Level 2.7 Charms
 + Level 2.7 Summonings
 + Level 2.7 Necromancy
 + Level 4.7 Translocations
 + Level 3.5 Transmutations
 + Level 2.7 Fire Magic
 + Level 4.7 Ice Magic
 + Level 2.7 Air Magic
 + Level 2.7 Earth Magic
 + Level 2.7 Poison Magic
 + Level 3.7 Invocations
 + Level 3.3 Evocations


You had 19 spell levels left.
You knew the following spells:

 Your Spells              Type           Power        Failure   Level  Hunger
a - Shock                 Conj/Air       ###.         3%          1    None
b - Dazzling Spray        Conj/Hex       ###...       9%          3    None


Dungeon Overview and Level Annotations

Branches:
Dungeon (6/15)
 Temple: D:4-7

Altars:
Ashenzari
Elyvilon
Kikubaaqudgha
Makhleb
Qazlal
Trog
Uskayaw
Xom
Zin


Innate Abilities, Weirdness & Mutations

Your experience applies equally to all skills.
You have very sharp teeth.
Your uncanny sense of smell can sniff out nearby items.


Message History

* * * LOW HITPOINT WARNING * * *
You feel sick.
You are too berserk!
You feel a strong urge to attack something.
* * * LOW HITPOINT WARNING * * *
You feel sick.
The centaur shoots an arrow.
The arrow hits you but does no damage.
You see here an arrow.
You are no longer berserk.
You are exhausted.
You feel yourself slow down.
* * * LOW HITPOINT WARNING * * *
You feel sick.
You hit the centaur. You bite the centaur.
The centaur is moderately wounded.
* * * LOW HITPOINT WARNING * * *
You feel very sick.
The centaur unwields an uncursed shortbow.
The centaur hits you!
You die...

# ## # .. .# # #. #.# #
#.###### #.# #
#...###.#....# #.#
#####.........##.# #.#
........####..##.# #.#
#######.##....##.####.##
...............c@(..)(.#
.#......##.#.....####).#
.##.###.##.####### #..#
....######.# #o.#
##[.#..(...# #..#
..).##.###### #..#
.....)........ .... ∆
.##....####### #(.# .
#.#..... #...


You could see a centaur.

Vanquished Creatures
  The ghost of kirsanium the Magician, an amateur DrFE of Vehumet (D:5)
  Sigmund (D:5)
  A water moccasin (D:4)
  An ogre (D:4)
  A big kobold (D:5)
  A bullfrog (D:6)
  2 crimson imps (D:5)
  A bullfrog zombie (D:5)
  3 hounds
  3 orc priests
  A bullfrog skeleton (D:4)
  5 orc wizards
  2 iguanas (D:5)
  Robin (D:2)
  2 adders
  3 oozes
  An adder zombie (D:5)
  An adder skeleton (D:4)
  A worm (D:2)
  A dart slug (D:1)
  5 leopard geckos
  16 orcs
  3 giant cockroaches
  15 goblins
  10 hobgoblins
  8 jackals
  5 quokkas
  8 bats
  8 frilled lizards
  14 kobolds
  6 rats
131 creatures vanquished.

Notes
Turn   | Place    | Note
-------+----------+-------------------------------------------
     0 | D:1      | jerryfan the Gnoll Wanderer began the quest for the Orb.
     0 | D:1      | jerryfan set off with: 2 curare-tipped needles, a +2 blowgun, the Guide on Conjuration, a potion of lignification, a +0 robe, a ration
     0 | D:1      | Reached XP level 1. HP: 13/13 MP: 8/8
    11 | D:1      | Learned a level 1 spell: Shock
   197 | D:1      | Reached XP level 2. HP: 17/19 MP: 0/10
   575 | D:1      | Reached XP level 3. HP: 25/25 MP: 6/11
  1076 | D:1      | Reached skill level 1 in Invocations
  1185 | D:1      | Found a deep blue altar of Sif Muna.
  1193 | D:1      | Found a stormy altar of Qazlal.
  1193 | D:1      | Found a hide-covered altar of Uskayaw.
  1199 | D:1      | Found a shimmering altar of Xom.
  1199 | D:1      | Found a bloodstained altar of Trog.
  1199 | D:1      | Found a glowing silver altar of Zin.
  1209 | D:1      | Identified the Guide on Conjuration
  1213 | D:1      | Learned a level 3 spell: Dazzling Spray
  1280 | D:2      | Reached skill level 1 in Fighting
  1280 | D:2      | Reached skill level 1 in Short Blades
  1280 | D:2      | Reached skill level 1 in Long Blades
  1280 | D:2      | Reached skill level 1 in Axes
  1280 | D:2      | Reached skill level 1 in Maces & Flails
  1280 | D:2      | Reached skill level 1 in Polearms
  1280 | D:2      | Reached skill level 1 in Staves
  1280 | D:2      | Reached skill level 1 in Slings
  1280 | D:2      | Reached skill level 1 in Bows
  1280 | D:2      | Reached skill level 1 in Crossbows
  1280 | D:2      | Reached skill level 1 in Armour
  1280 | D:2      | Reached skill level 1 in Dodging
  1280 | D:2      | Reached skill level 1 in Stealth
  1280 | D:2      | Reached skill level 1 in Unarmed Combat
  1280 | D:2      | Reached skill level 1 in Evocations
  1368 | D:2      | Found a faded altar of an unknown god.
  1414 | D:2      | Reached XP level 4. HP: 32/32 MP: 11/13
  1506 | D:2      | Noticed Robin
  1514 | D:2      | Killed Robin
  1527 | D:2      | Reached skill level 1 in Conjurations
  1527 | D:2      | Reached skill level 1 in Hexes
  1527 | D:2      | Reached skill level 1 in Charms
  1527 | D:2      | Reached skill level 1 in Summonings
  1527 | D:2      | Reached skill level 1 in Necromancy
  1527 | D:2      | Reached skill level 1 in Fire Magic
  1527 | D:2      | Reached skill level 1 in Air Magic
  1527 | D:2      | Reached skill level 1 in Earth Magic
  1527 | D:2      | Reached skill level 1 in Poison Magic
  2075 | D:3      | Found a stormy altar of Qazlal.
  2158 | D:3      | Reached XP level 5. HP: 36/37 MP: 10/14
  2497 | D:3      | Found a white marble altar of Elyvilon.
  3021 | D:4      | Reached XP level 6. HP: 8/44 MP: 4/16
  3295 | D:4      | Found a burning altar of Makhleb.
  3484 | D:4      | Noticed a water moccasin
  3510 | D:4      | Killed a water moccasin
  3510 | D:4      | Reached XP level 7. HP: 50/50 MP: 10/18
  3567 | D:4      | Found a shattered altar of Ashenzari.
  3961 | D:5      | Entered Level 5 of the Dungeon
  4182 | D:5      | Noticed kirsanium's ghost (amateur DrFE)
  4230 | D:5      | Killed kirsanium's ghost
  4387 | D:5      | Reached XP level 8. HP: 57/57 MP: 19/19
  4450 | D:5      | Found an ancient bone altar of Kikubaaqudgha.
  4451 | D:5      | Noticed Sigmund
  4471 | D:5      | Killed Sigmund
  5196 | D:6      | Reached skill level 8 in Spellcasting
  5227 | D:6      | Slain by a centaur

Skill      XL: |  1  2  3  4  5  6  7  8 |
---------------+-------------------------+-----
Transmutations | 2 3 |  3.5
Invocations    | 1 2 3 |  3.7
Fighting       | 1 2 3 |  3.3
Short Blades   | 1 2 3 |  3.3
Long Blades    | 1 2 3 |  3.3
Axes           | 1 2 3 |  3.3
Maces & Flails | 1 2 3 |  3.3
Polearms       | 1 2 3 |  3.3
Staves         | 1 2 3 |  3.3
Slings         | 1 2 3 |  3.3
Bows           | 1 2 3 |  3.3
Crossbows      | 1 2 3 |  3.3
Armour         | 1 2 3 |  3.3
Dodging        | 1 2 3 |  3.3
Stealth        | 1 2 3 |  3.3
Unarmed Combat | 1 2 3 |  3.3
Evocations     | 1 2 3 |  3.3
Conjurations   | 1 2 |  2.7
Hexes          | 1 2 |  2.7
Charms         | 1 2 |  2.7
Summonings     | 1 2 |  2.7
Necromancy     | 1 2 |  2.7
Fire Magic     | 1 2 |  2.7
Air Magic      | 1 2 |  2.7
Earth Magic    | 1 2 |  2.7
Poison Magic   | 1 2 |  2.7
Throwing       | 3 4 |  4.3
Shields        | 3 4 |  4.3
Translocations | 4 |  4.7
Ice Magic      | 4 |  4.7
Spellcasting   | 8 |  8.0

Action                   |  1- 3 |  4- 6 |  7- 9 || total
-------------------------+-------+-------+-------++-------
Melee: Unarmed           |     5 |       |       ||     5
       Bite              |     1 |    13 |    21 ||    35
       Dagger            |     2 |   124 |    43 ||   169
       Punch             |       |     2 |     1 ||     3
       Falchion          |       |       |   102 ||   102
 Fire: Blowgun           |     2 |       |       ||     2
Throw: Stone             |       |    25 |       ||    25
       Tomahawk          |       |    17 |    24 ||    41
 Cast: Shock             |    90 |    40 |    22 ||   152
       Dazzling Spray    |       |     5 |    19 ||    24
 Abil: Evoke Berserk Rag |       |       |     1 ||     1
Evoke: Wand              |       |     3 |     4 ||     7
  Use: Scroll            |       |     2 |     4 ||     6
       Potion            |       |     4 |     5 ||     9
 Stab: Sleeping          |       |     1 |     1 ||     2
  Eat: Chunk             |     1 |     7 |     2 ||    10
       Ration            |       |       |     1 ||     1
Armor: Robe              |    11 |    26 |    54 ||    91
       Skin              |       |    14 |       ||    14
Dodge: Dodged            |    20 |    75 |    80 ||   175
       Rpst.: Falchion   |       |       |    12 ||    12
